 Dungeon Crawl Stone Soup version 0.31-a0-656-gb4d89c20fa (webtiles) character file.

Game seed: 3283770516926823548

4295 Ekaitz the Zephyrmancer (level 10, -12/58 HPs)
             Began as a Tengu Air Elementalist on Aug 30, 2023.
             Was an Initiate of Gozag.
             Mangled by an ogre
             ... wielding a +0 halberd
              (21 damage)
             ... in a bailey.
             The game lasted 00:18:45 (8690 turns).

Ekaitz the Zephyrmancer (Tengu Air Elementalist)    Turns: 8690, Time: 00:18:45

Health: -12/58     AC:  3    Str:  9    XL:     10   Next: 32%
Magic:  17/19      EV: 27    Int: 17    God:    Gozag
Gold:   794        SH:  0    Dex: 17    Spells: 7/20 levels left

rFire   . . .        i - +3 dagger (venom)
rCold   . . .        (no shield)
rNeg    . . .        H - +0 robe {Will+}
rPois   .            (helmet restricted)
rElec   .            e - +0 cloak
rCorr   .            (no gloves)
SInv    .            (boots unavailable)
Will    +....        z - amulet of magic regeneration
Stlth   +++          A - +5 ring of evasion
HPRegen 0.29/turn    (no ring)
MPRegen 0.56/turn

%: no passive effects
@: swift, flying, quick
A: beak, talons 3, nimble 2
a: Renounce Religion, Potion Petition, Call Merchant, Bribe Branch


You were in a bailey.
You worshipped Gozag.
Gozag was pleased with you.
You visited 1 branch of the dungeon, and saw 8 of its levels.
You also visited: Bailey.

You collected 855 gold pieces.
You paid 61 gold pieces to Gozag.

Inventory:

Hand Weapons
 i - a +3 dagger of venom (weapon)
 j - a +2 dagger of draining
 l - a +1 heavy spear
 F - a +1 dagger of electrocution
 G - a +2 short sword of venom
Missiles
 d - 27 poisoned darts
Armour
 e - a +0 cloak (worn)
 H - a +0 robe of willpower (worn)
Jewellery
 z - an amulet of magic regeneration (around neck)
 A - a +5 ring of evasion (left hand)
Talismans
 c - a flux talisman
 m - a serpent talisman
Wands
 v - a wand of light (7)
 w - a wand of charming (21)
 D - a wand of flame (10)
Scrolls
 f - 11 scrolls of identify {unknown}
 g - 3 scrolls of blinking {unknown}
 o - a scroll of fog {unknown}
 p - 2 scrolls of vulnerability {unknown}
 r - 4 scrolls of teleportation {unknown}
 s - a scroll of brand weapon {unknown}
 x - 2 scrolls of enchant armour {unknown}
Potions
 a - a potion of ambrosia {unknown}
 b - 2 potions of magic
 h - 2 potions of brilliance {unknown}
 k - a potion of degeneration {unknown}
 n - 2 potions of lignification {unknown}
 q - 3 potions of haste {unknown}
 t - a potion of resistance {unknown}
 u - a potion of heal wounds {unknown}
 B - a potion of curing {unknown}
 C - a potion of invisibility {unknown}
 E - 2 potions of cancellation {unknown}


   Skills:
 * Level 4.6 Fighting
 + Level 1.5 Short Blades
 * Level 6.0 Dodging
 + Level 3.9 Stealth
 + Level 5.5 Spellcasting
 * Level 8.0 Conjurations
 * Level 11.2 Air Magic
 * Level 4.2 Poison Magic


You had 7 spell levels left.
You knew the following spells:

 Your Spells              Type           Power      Damage    Failure   Level
a - Shock                 Conj/Air       100%       1d9       1%          1
b - Static Discharge      Conj/Air       74%        2-6/arc   1%          2
c - Mephitic Cloud        Conj/Pois/Air  31%        N/A       1%          3
d - Airstrike             Air            21%        2d(3-19)  1%          4
w - Swiftness             Air            42%        N/A       1%          3

Your spell library contained the following spells:

 Spells                   Type           Power      Damage    Failure   Level
 Magic Dart               Conj           100%       1d8       1%          1
 Stone Arrow              Conj/Erth      36%        3d9       8%          3
 Sandblast                Erth           8%         2d5       14%         1
 Call Imp                 Summ           8%         N/A       21%         2
 Passwall                 Tmut/Erth      3%         N/A       21%         2
 Frozen Ramparts          Ice            8%         1d2       38%         3
 Leda's Liquefaction      Hex/Erth       2%         N/A       80%         4
 Petrify                  Tmut/Erth      4%         N/A       80%         4
 Lee's Rapid Deconstruct  Erth           2%         3d4*      98%         5
 Metabolic Englaciation   Hex/Ice        2%         N/A       98%         5
 Leda's Unmaking          Conj/Erth      9%         9d2       99%         6


Dungeon Overview and Level Annotations

Branches:
Dungeon (8/15)             Temple (0/1) D:6          Bailey (1/1)
   Lair: D:8-11

Altars:
Cheibriados
Gozag
Wu Jian
Zin
The Shining One

Shops:
D:5 [


Innate Abilities, Weirdness & Mutations

You have a beak for a mouth.
You have claws for feet.
Your magical nature helps you fly and evade attacks. (EV +20% +4)


Message History

You hear the faint creaking of a portcullis.
The world spins around you as you enter the gateway.
You enter a bailey!
Found a gate leading back out of this place.
There is an empty arch of ancient stone here.
HP restored.
An ogre comes into view. It is wielding a +0 halberd.
The ogre shouts!
You hear two shouts!
You hear a shout!
The ogre closely misses you.
You hear a shout!
You hit the ogre.
The ogre is poisoned.
You claw the ogre. You peck the ogre.
The ogre is lightly wounded.
You barely miss the ogre. You claw the ogre, but do no damage.
The ogre is lightly wounded.
The ogre hits you with a +0 halberd!!
You hear a shout!
You hit the ogre but do no damage.
The ogre is lightly wounded.
Casting: Airstrike (dangerous; 1% risk of failure)
Confirm with . or Enter, or press ? or * to list all spells.
The ogre is struck by an arc of lightning!
The ogre is moderately wounded.
You are struck by an arc of lightning.
The lightning grounds out.
An ogre comes into view. It is wielding a +0 halberd.
The ogre hits you with a +0 halberd!!
* * * LOW HITPOINT WARNING * * *
An ogre comes into view. It is wielding a +0 halberd.
An ogre comes into view. It is wielding a +0 glaive.
The ogre completely misses you. The ogre closely misses you.
Casting: Static Discharge (safe; 1% risk of failure)
Confirm with . or Enter, or press ? or * to list all spells.
You feel quick.
The ogre shouts!
You hear an angry hiss.
The ogre completely misses you.
Unknown command.
The ogre attacks as it pursues you!
The ogre hits you from afar with a +0 halberd!!
You die...
Your body crumbles into a pile of gold.

#..# .# ##..#
..#♣###♣#..#
#.........#
#......O##
##~OO~~##
#~~~~O#
###~~~~~###
##......@..##
##...........##
#....∩...∩....#
##...........##
##.........##
###.....###
#######


You could see 4 ogres.

Vanquished Creatures
  Pikel (D:8)
  3 slime creatures (D:6)
  Sigmund (D:5)
  2 steam dragons
  A water moccasin (D:7)
  2 ice beasts
  3 orc warriors (D:6)
  A sky beast (D:7)
  3 ogres
  2 black bears
  A phantom (D:4)
  2 kobold brigands
  2 bullfrogs
  3 scorpions
  4 wights (D:8)
  6 jellies
  4 orc priests
  2 sleepcaps (D:7)
  6 hounds
  6 orc wizards
  3 iguanas
  Robin (D:2)
  12 gnolls
  4 adders
  2 shadow imps
  2 white imps
  2 ufetubi (D:5)
  3 worms
  3 dart slugs
  24 orcs
  9 endoplasms
  3 giant cockroaches
  5 hobgoblins
  8 jackals
  5 quokkas
  8 ball pythons
  8 bats
  13 goblins
  11 kobolds
  4 rats (D:2)
  A butterfly (D:6)
186 creatures vanquished.

Notes
Turn   | Place    | Note
-------+----------+-------------------------------------------
     0 | D:1      | Ekaitz the Tengu Air Elementalist began the quest for the
                  | Orb.
     0 | D:1      | Reached XP level 1. HP: 10/10 MP: 4/4
   540 | D:1      | Reached XP level 2. HP: 15/15 MP: 3/6
   543 | D:1      | Learned a level 2 spell: Static Discharge
  1194 | D:2      | Reached XP level 3. HP: 19/19 MP: 0/7
  1330 | D:2      | Noticed Robin
  1392 | D:2      | Reached skill level 5 in Air Magic
  1621 | D:2      | Killed Robin
  1622 | D:2      | Reached XP level 4. HP: 24/24 MP: 1/8
  2458 | D:3      | Reached skill level 1 in Fighting
  2479 | D:3      | Reached XP level 5. HP: 29/29 MP: 4/10
  2555 | D:3      | Learned a level 3 spell: Mephitic Cloud
  2559 | D:3      | Learned a level 3 spell: Swiftness
  2726 | D:3      | Found an ornate altar of the Wu Jian Council.
  2800 | D:3      | Reached skill level 6 in Air Magic
  2936 | D:3      | Reached XP level 6. HP: 35/35 MP: 6/11
  3224 | D:3      | Found a faded altar of an unknown god.
  3589 | D:4      | Reached skill level 1 in Poison Magic
  4304 | D:5      | Entered Level 5 of the Dungeon
  4330 | D:5      | Gained mutation: Your magical nature helps you fly and
                  | evade attacks. (EV +20% +4) [Tengu growth]
  4330 | D:5      | Reached XP level 7. HP: 40/40 MP: 1/12
  4493 | D:5      | Reached skill level 7 in Air Magic
  4784 | D:5      | Noticed Sigmund
  4793 | D:5      | Killed Sigmund
  4794 | D:5      | Reached XP level 8. HP: 45/45 MP: 11/14
  5156 | D:5      | Reached skill level 5 in Conjurations
  5261 | D:5      | Found Zibi's Antique Armour Boutique.
  5355 | D:5      | Found a faded altar of an unknown god.
  5355 | D:5      | Found an opulent altar of Gozag.
  5363 | D:5      | Found a glowing silver altar of Zin.
  5365 | D:5      | Found a glowing golden altar of the Shining One.
  5366 | D:5      | Found a snail-covered altar of Cheibriados.
  5396 | D:5      | Became a worshipper of Gozag Ym Sagoz the Greedy
  5421 | D:5      | Learned a level 4 spell: Airstrike
  5593 | D:6      | Reached skill level 8 in Air Magic
  5657 | D:6      | Reached skill level 1 in Short Blades
  5946 | D:6      | Reached skill level 5 in Dodging
  5977 | D:6      | Reached XP level 9. HP: 51/51 MP: 13/16
  6090 | D:6      | Found a staircase to the Ecumenical Temple.
  6546 | D:6      | Reached skill level 9 in Air Magic
  7294 | D:7      | Reached skill level 5 in Spellcasting
  7376 | D:7      | Reached skill level 10 in Air Magic
  7805 | D:7      | Reached XP level 10. HP: 33/58 MP: 9/18
  8451 | D:8      | Noticed Pikel
  8459 | D:8      | Killed Pikel
  8560 | D:8      | Reached skill level 11 in Air Magic
  8617 | D:8      | Found a flagged portal.
  8654 | Bailey   | Entered a bailey
  8690 | Bailey   | Mangled by an ogre

Illustrated notes

Levels and vault maps discovered:
D:1:      lemuel_arrival_broad_hall, layout_basic, hangedman_decor_peaks_small
D:2:      layout_loops_ring, wad_orctagon, uniq_robin
D:3:      layout_loops_ring, nicolae_overflow_hidden_temple,
          hellmonk_ecumenical_altar_inner_sanctum, bh_walls_and_bars
D:4:      minmay_evil_eye, layout_basic, serial_forest,
          infiniplex_forest_lined_ring, infiniplex_forest_lined_corner,
          infiniplex_forest_clump_tiny, infiniplex_forest_straight_4,
          infiniplex_forest_clump_C, infiniplex_forest_clump_curved,
          infiniplex_forest_clump_C
D:5:      layout_loops_cross, chequers_temple_overflow_minitemple, serial_shops,
          nicolae_shop_rolling_square, st_stairs_7, minmay_misc_feat_ornament,
          chequers_serial_rivers_micro_b, uniq_sigmund
D:6:      cheibrodos_fertilizer, layout_layer_cave,
          minmay_temple_entry_butterflies
D:7:      layout_basic
D:8:      layout_gridville, gammafunk_temple_overflow_claw, enter_bailey_2,
          uniq_maurice, uniq_pikel, uniq_maggie
Bailey:   bailey_polearm_enchanted_keep_hellmonk, bailey

Skill      XL: |  1  2  3  4  5  6  7  8  9 10 |
---------------+-------------------------------+-----
Conjurations   | 2 3 4 5 7 8 |  8.0
Air Magic      | 5 6 7 8 10 11 | 11.2
Fighting       | 1 2 3 4 |  4.6
Spellcasting   | 3 4 5 |  5.5
Dodging        | 3 4 5 6 |  6.0
Poison Magic   | 1 2 3 4 |  4.2
Stealth        | 3 |  3.9
Short Blades   | 1 |  1.5

Action                     |  1- 3 |  4- 6 |  7- 9 | 10-12 || total
---------------------------+-------+-------+-------+-------++-------
  Melee: Unarmed           |     3 |       |       |       ||     3
         Kick              |     1 |     9 |    20 |     3 ||    33
         Peck              |     1 |     2 |    14 |     2 ||    19
         Dagger            |     2 |    29 |    56 |     9 ||    96
   Cast: Shock             |    61 |    92 |   133 |    16 ||   302
         Static Discharge  |     2 |     4 |    28 |    10 ||    44
         Airstrike         |       |       |    17 |    14 ||    31
         Mephitic Cloud    |       |       |     1 |       ||     1
         Swiftness         |       |       |       |     1 ||     1
   Stab: Sleeping          |       |     8 |     6 |       ||    14
         Confused          |       |       |     2 |       ||     2
 Armour: Robe              |     2 |     5 |     4 |     2 ||    13
  Dodge: Dodged            |    17 |    22 |    77 |    22 ||   138

Table legend: (Time is in decaauts)
 A = Elapsed time spent in this place.
 B = Non-inter-level travel time spent in this place.
 C = Inter-level travel time spent in this place.
 D = Time resting spent in this place.
 E = Time spent auto-exploring this place.
 F = Levels seen in this place.
 G = Mean time per level.
                   A        B        C        D        E       F      G
               +--------+--------+--------+--------+--------+-----+--------+
         Total |   8685 |   8414 |    271 |    507 |   6468 |   9 |  965.0 |
       Dungeon |   8650 |   8379 |    271 |    507 |   6446 |   8 | 1081.2 |
        Bailey |     35 |     35 |      0 |      0 |     22 |   1 |   35.0 |
               +--------+--------+--------+--------+--------+-----+--------+

Top non-repeatable levels by time:
     D:6: 1731 daAuts
     D:5: 1244 daAuts
     D:2: 1167 daAuts
     D:7: 1165 daAuts
     D:1: 1155 daAuts
     D:3: 1095 daAuts
     D:4: 885 daAuts
     D:8: 204 daAuts
  Bailey: 35 daAuts
